 Dungeon Crawl Stone Soup version 0.21.1-68-g103a7afc0a (webtiles) character file.

139 Pisosu the Shield-Bearer (level 5, 0/46 HPs)
             Began as a Minotaur Fighter on Aug 3, 2018.
             Killed by nerve-wracking pain
             ... invoked by an orc priest
              (13 damage)
             ... on level 3 of the Dungeon.
             The game lasted 00:05:09 (1433 turns).

Pisosu the Shield-Bearer (Minotaur Fighter)         Turns: 1433, Time: 00:05:12

Health: 0/46       AC:  7    Str: 27    XL:     5   Next: 1%
Magic:  4/4        EV:  6    Int:  5    God:
Gold:   106        SH: 17    Dex:  9    Spells: 4/4 levels left

rFire    . . .     SeeInvis .   a - +0 war axe
rCold    . . .     Gourm    .   g - +2 large shield
rNeg     . . .     Faith    +   e - +0 scale mail
rPois    .         Spirit   .   (helmet restricted)
rElec    .         Reflect  .   (no cloak)
rCorr    .         Harm     .   (no gloves)
MR       .....                  (no boots)
Stlth    ..........             v - amulet of faith
HPRegen  0.15/turn              (no ring)
MPRegen  0.09/turn              (no ring)

@: mighty, lethally poisoned (0 -> -33)
A: retaliatory headbutt, horns 2
a: no special abilities


You were on level 3 of the Dungeon.
You were not hungry.

You visited 1 branch of the dungeon, and saw 3 of its levels.

You collected 106 gold pieces.

Inventory:

Hand Weapons
 a - a +0 war axe (weapon)
Armour
 e - a +0 scale mail (worn)
 g - a +2 large shield (worn)
Jewellery
 v - an amulet of faith (around neck)
Scrolls
 b - 4 scrolls of identify {unknown}
 c - a scroll of fear {unknown}
 k - 2 scrolls of blinking {unknown}
 l - a scroll of magic mapping {unknown}
 m - a scroll of enchant weapon {unknown}
 o - a scroll of remove curse {unknown}
 s - a scroll of teleportation {unknown}
Potions
 h - a potion of haste {unknown}
 i - a potion of lignification {unknown}
 j - a potion of invisibility {unknown}
 n - a potion of flight {unknown}
 p - a potion of magic {unknown}
 q - a potion of heal wounds {unknown}
 r - a potion of agility {unknown}
 u - a potion of cancellation {unknown}
 w - a potion of resistance {unknown}
Comestibles
 f - 3 rations
 t - 3 chunks of flesh


   Skills:
 + Level 4.2 Fighting
 + Level 4.0 Axes
 + Level 4.5 Armour
 + Level 4.9 Shields


You had 4 spell levels left.
You didn't know any spells.

Dungeon Overview and Level Annotations

Branches:
Dungeon (3/15)

Altars:
Zin

Shops:
D:2 *


Innate Abilities, Weirdness & Mutations

You reflexively headbutt those who attack you in melee.
You have a pair of horns on your head.


Message History

You feel very sick. The orc hits you but does no damage.
The orc closely misses you. You block the orc's attack.
You hit the orc.
The orc is severely wounded.
You hit the orc priest. You closely miss the orc.
You feel very sick.
You block the orc's attack. x2; The orc hits you with a whip.
The orc priest hits you but does no damage.
The orc hits you from afar with a trident of venom.
You are more poisoned.
A rat and a kobold come into view.
Okay, then.
You feel very mighty all of a sudden.
* * * LOW HITPOINT WARNING * * *
You feel very sick. You block the orc's attack. x2
The orc priest calls down the wrath of Beogh upon you.
Pain shoots through your body!
You die...

.. #S ... J# ..>#
##.. ....###K.
.......r.#####
.......J##...#
..>...lo##...#
......oo@....#####
.......o##.......#
...#....##..#'##.#
. #....##..#.♣#+#
#(....####....#
#......# #.)..#
#....#.. ###..#
......#. ##'#
#...####..#


You could see an orc priest, an ooze, 3 orcs, a kobold, a frilled lizard and a
rat.

Vanquished Creatures
  4 gnolls (D:3)
  3 adders (D:2)
  2 oozes
  4 worms
  2 dart slugs
  2 leopard geckos
  An orc (D:3)
  5 bats
  6 giant cockroaches
  8 goblins
  5 hobgoblins
  3 jackals (D:3)
  2 frilled lizards
  A kobold (D:1)
48 creatures vanquished.

Notes
Turn   | Place    | Note
-------+----------+-------------------------------------------
     0 | D:1      | Pisosu the Minotaur Fighter began the quest for the Orb.
     0 | D:1      | Reached XP level 1. HP: 19/19 MP: 0/0
   104 | D:1      | Reached XP level 2. HP: 22/27 MP: 1/1
   665 | D:2      | Reached XP level 3. HP: 33/33 MP: 2/2
   889 | D:2      | Found Zin's Purification Station.
   889 | D:2      | Found a glowing silver altar of Zin.
   924 | D:2      | Reached XP level 4. HP: 40/40 MP: 3/3
  1424 | D:3      | Reached XP level 5. HP: 43/46 MP: 4/4
  1433 | D:3      | Killed from afar by an orc priest

Skill      XL: |  1  2  3  4 |
---------------+-------------+-----
Fighting       | 4 |  4.2
Shields        | 4 |  4.9
Armour         | 4 |  4.5
Axes           | 3 4 |  4.0

Action                   |  1- 3 |  4- 6 || total
-------------------------+-------+-------++-------
Melee: War axe           |   110 |    41 ||   151
       Headbutt          |    12 |     8 ||    20
  Use: Potion            |       |     1 ||     1
  Eat: Chunk             |       |     2 ||     2
Armor: Scale mail        |    35 |    24 ||    59
Dodge: Dodged            |    20 |     6 ||    26
Block: Shield            |    17 |       ||    17
       Large shield      |    78 |    48 ||   126
